 BcadrenCrawl: Boulder Brew version 0.06-688-g08e91b2d95 (webtiles) character file.

Game seed: 15422196351916806047

217 pipel the Insei (level 5, -1/50 HPs) Silent Spectre Fighter. Began on Dec 18, 2022. Splashed by a jelly's acid (3 damage) ... on level 1 of the Dungeon. The game lasted 00:04:31 (1091 turns).

pipel the Insei (Silent Spectre Fighter)            Turns: 1091, Time: 00:04:31

Health: -1/50      AC:  6    Str: 13    XL:     5 ^: 70
Magic:  8/8        EV:  8    Int: 10    God:
Gold:   44         SH:  7    Dex: 17    Spells: 4/4 levels left

rFire    . . .     Slash    +     - Unarmed
rCold    . . .     Pierce   +   c - +0 heater shield
rNeg     + + +     Bludgeon +   b - +0 scale mail
rCorr    . . .     Vision   .   (no helmet)
rPois    ∞         Gourm    .   (no cloak)
rElec    .         Faith    .   e - +0 pair of clawed gauntlets
MR       .....     Spirit   .   (no boots)
HPRegen  0.26/turn Reflect  .   (no amulet)
MPRegen  0.18/turn Harm     .   (no ring)
Stlth    ..........             (no ring)

@: silenced
A: silence aura 2, negative energy resistance 3, torment resistance,
unbreathing, petrification resistance, silent casting, insubstantial
a: no special abilities


You were on level 1 of the Dungeon.
You were not hungry.

You visited 1 branch of the dungeon, and saw 2 of its levels.

You collected 44 gold pieces.

Inventory:

Weapons
 a - a +0 morningstar Shields
 c - a +0 heater shield (shield)
Armour
 b - a +0 scale mail (worn)
 e - a +0 pair of clawed gauntlets (worn)
Potions
 d - a potion of might
 f - 2 potions of agility
 g - a potion of ambrosia


   Skills:
 + Level 2.7 Fighting
 - Level 1.8 Maces & Staves
 + Level 3.2 Armour
 + Level 1.1 Dodging
 + Level 3.3 Shields
 + Level 4.1 Unarmed Combat


You had 4 spell levels left.
You didn't know any spells.
Your spell library was empty.

Dungeon Overview and Level Annotations

Branches:
Dungeon (2/8)

Altars:


Innate Abilities, Weirdness & Mutations

You are immune to poison.
You are surrounded by an aura of unnatural quiet.
You are immune to negative energy. (rN+++)
You are immune to unholy pain and torment.
You can survive without breathing.
You are immune to petrification.
You can communicate with gods and cast spells while silenced.
Your insubstantial form grants resistance to all physical attack and full immunity to sticky flames, nets and constriction. (rPhysical+)


Message History

You scratch the jelly (2).
It resists.
Your claws burn (1).
* * * LOW HITPOINT WARNING * * *
The jelly is moderately wounded. (20/31) HP The sewer rat bites you (2).
You resist.
* * * LOW HITPOINT WARNING * * *
You scratch the jelly (2).
It resists.
Your claws burn (4).
* * * LOW HITPOINT WARNING * * *
The jelly is heavily wounded. (18/31) HP You block the jelly's attack.
You scratch the jelly (2).
It resists.
Your claws burn (1).
* * * LOW HITPOINT WARNING * * *
The jelly is heavily wounded. (16/31) HP The sewer rat bites you (1).
You resist.
* * * LOW HITPOINT WARNING * * *
You scratch the jelly but do no damage.
Your claws burn (3).
* * * LOW HITPOINT WARNING * * *
The jelly is heavily wounded. (16/31) HP The jelly hits you but does no damage.
You scratch the jelly (2).
It resists.
Your claws burn (3).
You die...

#......#..#.......#....#...
##.....................####
###....#..........###.....
##...#..........##...##.
#####..#..............####
##††...................##.#
#..#.....#K...............#
#.###...###J.........###...
##..#.....#@r.........####..
#....≈>≈...............##...
##?...≈...................##
#...........#..#.#.......#⌠
##..#.....#..#....#....##.##
#..###...###..÷.........#...
#...#.....#...÷.............
#............##.............
########.#...##.#........#..


You could see a jelly, a sewer rat and a kobold.

Vanquished Creatures
  A big kobold (D:1)
  A giant cockroach (D:1)
  6 sewer rats (D:1)
  3 cinder newts (D:1)
  3 oozes (D:1)
  3 leopard geckos (D:1)
  5 bats (D:1)
  7 hobgoblins (D:1)
  10 goblins (D:1)
  5 kobolds (D:1)
  4 rats (D:1)
48 creatures vanquished.

Vanquished Creatures (others)
  2 giant cockroaches (D:1)
  A rat (D:2)
  6 withered plants (D:2)
9 creatures vanquished.

Grand Total: 57 creatures vanquished

Notes
Turn   | Place    | Note
-------+----------+-------------------------------------------
     0 | D:1      | pipel the Silent Spectre Fighter began the quest for the
                  | Orb.
     0 | D:1      | Reached XP level 1. HP: 21/21 MP: 4/4
    43 | D:1      | Reached XP level 2. HP: 24/28 MP: 5/5
   171 | D:1      | Reached skill level 1 in Unarmed Combat
   219 | D:1      | Reached XP level 3. HP: 34/36 MP: 6/6
   517 | D:1      | Reached skill level 2 in Unarmed Combat
   652 | D:1      | Reached XP level 4. HP: 33/43 MP: 7/7
   825 | D:2      | Noticed a big kobold
   872 | D:1      | Reached skill level 3 in Unarmed Combat
   900 | D:1      | Killed a big kobold
   900 | D:1      | Reached skill level 1 in Dodging
   900 | D:1      | Reached XP level 5. HP: 47/50 MP: 8/8
   924 | D:2      | Noticed a slime creature
  1075 | D:1      | Reached skill level 4 in Unarmed Combat
  1090 | D:1      | HP: 2/50 [acid (3)]
  1091 | D:1      | Splashed by a jelly's acid

Illustrated notes

Levels and vault maps discovered:
D:1:      onia_arrival_handbag, layout_cave_pools, serial_glass,
          glass_columns_c, glass_columns_a, feat_on_display, feat_on_display,
          feat_on_display, minmay_strange_pillars
D:2:      layout_sewer, grunt_temple_overflow_holy_war, sewer_frog_spiral,
          first_ration

Skill      XL: |  1  2  3  4  5 |
---------------+----------------+-----
Shields        | 3 |  3.3
Unarmed Combat | 1 2 3 4 |  4.1
Armour         | 3 |  3.2
Dodging        | 1 |  1.1
Fighting       | |  2.7
Maces & Staves | |  1.8

Action                   |  1- 3 |  4- 6 || total
-------------------------+-------+-------++-------
Melee: Unarmed           |   189 |   111 ||   300
       Morningstar       |     2 |       ||     2
Armor: Scale mail        |    64 |    46 ||   110
Dodge: Dodged            |    19 |     8 ||    27
Block: Heater shield     |    51 |    24 ||    75
